 Dungeon Sprint DCSS version 0.26-a0-649-gf8c6c3aab7 (webtiles) character file.

Game seed: 8672700520562296556

450 TerrariaFan the Frost Mage (level 6, -24/52 HPs)
             Began as a Draconian Ice Elementalist on Sept 27, 2020.
             Was a High Priest of Sif Muna.
             Killed from afar by a lindwurm (25 damage)
             ... with a blast of flame
             ... in the Dungeon (Sprint VII: "The Pits").
             The game lasted 00:03:48 (1694 turns).

TerrariaFan the Frost Mage (DrIE)                   Turns: 1694, Time: 00:03:49

Health: -24/52     AC:  6    Str: 11    XL:     6   Next: 74%
Magic:  3/15       EV: 13    Int: 16    God:    Sif Muna [*****.]
Gold:   0          SH:  0    Dex: 12    Spells: 7/17 levels left

rFire    . . .     SeeInvis .   l - +0 quarterstaff (protect)
rCold    . . .     Faith    .   (shield currently unavailable)
rNeg     . . .     Spirit   .   (armour unavailable)
rPois    .         Reflect  .   (helmet restricted)
rElec    .         Harm     .   (no cloak)
rCorr    .         Rampage  .   (no gloves)
MR       .....     NoTele   +   (no boots)
Stlth    ++........             (no amulet)
HPRegen  0.17/turn              (no ring)
MPRegen  0.14/turn              (no ring)

@: no potions, slowed, very slow
A: unfitting armour, cold-blooded, AC +6
a: Channel Magic, Forget Spell, Divine Exegesis, Renounce Religion


You were in the Dungeon.
You worshipped Sif Muna.
Sif Muna was extremely pleased with you.
You visited 1 branch

Inventory:

Hand Weapons
 k - a +2 quarterstaff
 l - a +0 quarterstaff of protection (weapon)
Scrolls
 h - 3 scrolls of remove curse
 i - 5 scrolls of amnesia
Potions
 a - 2 potions of invisibility
 b - 6 potions of curing
 c - 4 potions of heal wounds
 d - a potion of haste
 e - 3 potions of magic
 f - 2 potions of berserk rage


   Skills:
 + Level 3.9 Fighting
 + Level 6.9 Staves
 + Level 3.1 Dodging
 + Level 3.9 Stealth
 + Level 6.4 Spellcasting
 + Level 9.8 Ice Magic


You had 7 spell levels left.
You knew the following spells:

 Your Spells              Type           Power        Failure   Level
a - Freeze                Ice            ####         1%          1
b - Frozen Ramparts       Ice            #####.       1%          3
c - Ozocubu's Refrigerat  Ice            #####.....   34%         6

Your spell library contained the following spells:

 Spells                   Type           Power        Failure   Level
 Ozocubu's Armour         Ice            #####...     1%          3
 Hailstorm                Conj/Ice       ###.....     17%         4
 Ice Form                 Ice/Tmut       ###.....     17%         4
 Summon Ice Beast         Ice/Summ       ###.....     17%         4
 Simulacrum               Ice/Necr       ###.......   95%         6


Dungeon Overview and Level Annotations

Branches:
Dungeon (1/1)

Altars:
Ashenzari
Cheibriados
Dithmenos
Elyvilon
Fedhas
Gozag
Hepliaklqana
Kikubaaqudgha
Makhleb
Nemelex Xobeh
Okawaru
Qazlal
Ru
Sif Muna
Trog
Uskayaw
Vehumet
Wu Jian
Xom
Yredelemnul
Zin
The Shining One
Beogh
Jiyva
Lugonu

Annotations:
D Prince Ribbit


Innate Abilities, Weirdness & Mutations

Your plain brown scales are hard. (AC +6)
You cannot fit into any form of body armour.
You are cold-blooded and may be slowed by cold attacks.


Message History

The lindwurm is severely wounded.
The lindwurm breathes flames at you. The blast of flame hits you!!
* * * LOW HITPOINT WARNING * * *
The lindwurm bites you.
* * * LOW HITPOINT WARNING * * *
The lindwurm claws you but does no damage.
The lindwurm claws you.
* * * LOW HITPOINT WARNING * * *
You cannot drink potions in your current state!
You cannot drink potions in your current state!
You cannot drink potions in your current state!
You cannot drink potions in your current state!
The lindwurm bites you but does no damage.
The lindwurm barely misses you. x2
There is an open door here.
Okay, then.
The lindwurm breathes flames at you. The blast of flame hits you!!
You die...

#)#........##.......#
#'###########.......#
#.......# #########
#..###..# #.......#
##.###.##+#
#.......#.+
#..###..#'#
#......@k.#
###########


You could see a lindwurm (catching breath).

Vanquished Creatures
  A floating eye (D)
  A necrophage (D)
  5 wights (D)
  A hound (D)
  2 gnolls (D)
  An ooze (D)
  An adder skeleton (D)
  An orc (D)
  A bat zombie (D)
  4 jackals (D)
  3 frilled lizards (D)
  A rat (D)
22 creatures vanquished.

Notes
Turn   | Place    | Note
-------+----------+-------------------------------------------
     0 | D        | TerrariaFan the Draconian Ice Elementalist began the quest
                  | for the Orb.
     0 | D        | Reached XP level 1. HP: 14/14 MP: 3/3
    16 | D        | Reached skill level 5 in Ice Magic
    16 | D        | Reached XP level 2. HP: 19/20 MP: 0/5
    71 | D        | Found a bloodstained altar of Trog.
    71 | D        | Found a shimmering blue altar of Sif Muna.
    71 | D        | Found a viscous altar of Jiyva.
    71 | D        | Found a hazy altar of Hepliaklqana.
    71 | D        | Found an opulent altar of Gozag.
   104 | D        | Found a glowing golden altar of the Shining One.
   104 | D        | Found a glowing silver altar of Zin.
   104 | D        | Found a basalt altar of Yredelemnul.
   104 | D        | Found a shimmering altar of Xom.
   104 | D        | Found an ornate altar of the Wu Jian Council.
   104 | D        | Found a sacrificial altar of Ru.
   104 | D        | Found a stormy altar of Qazlal.
   104 | D        | Found an iron altar of Okawaru.
   104 | D        | Found a sparkling altar of Nemelex Xobeh.
   104 | D        | Found a burning altar of Makhleb.
   104 | D        | Found a blossoming altar of Fedhas.
   104 | D        | Found a white marble altar of Elyvilon.
   104 | D        | Found a shadowy altar of Dithmenos.
   104 | D        | Found a snail-covered altar of Cheibriados.
   106 | D        | Found a radiant altar of Vehumet.
   106 | D        | Found a corrupted altar of Lugonu.
   106 | D        | Found a roughly hewn altar of Beogh.
   107 | D        | Found a hide-covered altar of Uskayaw.
   107 | D        | Found an ancient bone altar of Kikubaaqudgha.
   107 | D        | Found a broken altar of Ashenzari.
   111 | D        | Became a worshipper of Sif Muna the Loreminder
   493 | D        | Reached * piety under Sif Muna
   493 | D        | Reached skill level 6 in Ice Magic
   619 | D        | Reached ** piety under Sif Muna
   627 | D        | Reached XP level 3. HP: 21/26 MP: 0/7
   636 | D        | Learned a level 3 spell: Frozen Ramparts
   647 | D        | Reached *** piety under Sif Muna
   839 | D        | Reached skill level 1 in Fighting
   839 | D        | Reached skill level 7 in Ice Magic
   839 | D        | Reached XP level 4. HP: 35/35 MP: 4/9
   841 | D        | Reached skill level 8 in Ice Magic
   841 | D        | Reached XP level 5. HP: 41/41 MP: 6/12
  1126 | D        | Noticed a floating eye
  1127 | D        | Noticed Prince Ribbit
  1132 | D        | Killed a floating eye
  1132 | D        | Reached **** piety under Sif Muna
  1132 | D        | Reached skill level 5 in Staves
  1132 | D        | Reached skill level 5 in Spellcasting
  1132 | D        | Reached skill level 9 in Ice Magic
  1132 | D        | Reached XP level 6. HP: 51/51 MP: 9/14
  1155 | D        | Reached ***** piety under Sif Muna
  1155 | D        | Identified Sif Muna's Reference Book on Snow (Sif Muna
                  | gifted it to you in the Dungeon)
  1155 | D        | Received a gift from Sif Muna
  1166 | D        | Learned a level 6 spell: Ozocubu's Refrigeration
  1689 | D        | Noticed a lindwurm
  1692 | D        | HP: 1/52 [lindwurm (5)]
  1694 | D        | Killed from afar by a lindwurm

Illustrated notes

Levels and vault maps discovered:
D:        pitsprint [storerooms_1, entrance_room_1, metal_vault_8, armoury_1,
          mini_pit_1, grid_room_1, main_hall_1, silver_pit, the_coven_1,
          the_vestibule_1, steel_vault_2, golden_pit, hallway_of_sentries,
          crystal_vault_5, iron_vault_5, final_vault]

Skill      XL: |  1  2  3  4  5  6 |
---------------+-------------------+-----
Dodging        | 2 3 |  3.1
Stealth        | 2 3 |  3.9
Ice Magic      | 5 6 7 8 9 |  9.8
Fighting       | 1 2 3 |  3.9
Staves         | 2 3 5 6 |  6.9
Spellcasting   | 3 4 5 6 |  6.4

Action                   |  1- 3 |  4- 6 || total
-------------------------+-------+-------++-------
Melee: Quarterstaff      |    21 |    15 ||    36
       Tailslap          |     2 |     1 ||     3
 Cast: Freeze            |    11 |       ||    11
       Frozen Ramparts   |     4 |     4 ||     8
       Ozocubu's Refrige |       |     3 ||     3
  Use: Potion            |     3 |     1 ||     4
       Scroll            |     2 |       ||     2
 Stab: Sleeping          |     1 |       ||     1
Armor: Skin              |     3 |    10 ||    13
Dodge: Dodged            |    24 |    18 ||    42

Table legend: (Time is in decaauts)
 A = Elapsed time spent in this place.
 B = Non-inter-level travel time spent in this place.
 C = Inter-level travel time spent in this place.
 D = Time resting spent in this place.
 E = Time spent auto-exploring this place.
 F = Levels seen in this place.
 G = Mean time per level.
                   A        B        C        D        E       F      G
               +--------+--------+--------+--------+--------+-----+--------+
         Total |   1706 |   1680 |     26 |   1398 |      0 |   1 | 1706.0 |
       Dungeon |   1706 |   1680 |     26 |   1398 |      0 |   1 | 1706.0 |
               +--------+--------+--------+--------+--------+-----+--------+

Top non-repeatable levels by time:
       D: 1706 daAuts
